 Dungeon Crawl Stone Soup version 0.29-a0-923-g6e406bff71 (webtiles) character file.

Game seed: 17401954498314163106

347 reriks the Shooter (level 6, 0/32 HPs)
             Began as a Spriggan Hunter on July 27, 2022.
             Was an Initiate of Gozag.
             Succumbed to a kobold brigand's curare-tipped dart
             ... on level 5 of the Dungeon on July 28, 2022.
             The game lasted 00:06:05 (5778 turns).

reriks the Shooter (Spriggan Hunter)                Turns: 5778, Time: 00:06:06

Health: 0/32       AC:  3    Str:  7    XL:     6   Next: 32%
Magic:  7/7        EV: 20    Int: 10    God:    Gozag
Gold:   191        SH:  0    Dex: 21    Spells: 5/5 levels left

rFire   . . .      SeeInvis +   a - +1 shortbow
rCold   + . .      Faith    .   (shield currently unavailable)
rNeg    . . .      Spirit   .   c - +1 robe
rPois   .          Reflect  .   (helmet restricted)
rElec   .          Harm     .   (no cloak)
rCorr   .          Rampage  .   (gloves unavailable)
Will    +....                   (boots unavailable)
Stlth   +++.......              (no amulet)
HPRegen 0.10/turn               j - ring of protection from cold
MPRegen 0.10/turn               (no ring)

@: lethally poisoned (0 -> -10), flying, slowed, quick
A: very small, no large weapons, unfitting armour, see invisible, speed 3
a: Renounce Religion, Potion Petition, Call Merchant, Bribe Branch


You were on level 5 of the Dungeon.
You worshipped Gozag.
Gozag was aware of your devotion.
You visited 2 branches of the dungeon, and saw 6 of its levels.

You collected 229 gold pieces.
You paid 38 gold pieces to Gozag.

Inventory:

Hand Weapons
 a - a +1 shortbow (weapon)
Armour
 c - a +1 robe (worn)
Jewellery
 j - a ring of protection from cold (left hand)
 k - an amulet of regeneration
 r - a ring of poison resistance
Wands
 q - a wand of flame (16)
Scrolls
 b - a scroll of immolation
 g - a scroll of magic mapping
 i - 2 scrolls of enchant armour
 p - 3 scrolls of identify
Potions
 e - a potion of berserk rage
 f - a potion of heal wounds {unknown}
 h - a potion of attraction {unknown}
 l - a potion of curing {unknown}
 m - a potion of flight
 n - a potion of haste {unknown}
 o - a potion of resistance {unknown}


   Skills:
 + Level 2.8 Fighting
 * Level 5.7 Ranged Weapons
 + Level 4.6 Dodging
 + Level 4.7 Stealth


You had 5 spell levels left.
You didn't know any spells.
Your spell library contained the following spells:

 Spells                   Type           Power      Damage    Failure   Level
 Magic Dart               Conj           0%         1d3       36%         1
 Call Imp                 Summ           0%         N/A       50%         2
 Conjure Flame            Conj/Fire      0%         6-21      75%         3
 Ignite Poison            Fire/Tmut/Pois 0%         N/A       75%         3
 Mephitic Cloud           Conj/Pois/Air  0%         N/A       75%         3
 Sticky Flame             Conj/Fire      0%         2d3       98%         4


Dungeon Overview and Level Annotations

Branches:
Dungeon (5/15)             Temple (1/1) D:4

Altars:
Elyvilon
Gozag
Makhleb
Nemelex Xobeh
Ru
Vehumet
Wu Jian
Zin
The Shining One
Lugonu

Annotations:
D:4 Edmund


Innate Abilities, Weirdness & Mutations

You are very small and have problems with some larger weapons.
You are too small for most types of armour.
You have supernaturally acute eyesight. (SInv)
You cover ground extremely quickly. (Speed+++)


Message History

Edmund says, "You wouldn't believe how much I paid for this flail."
You shoot an arrow. The arrow hits Edmund.
Edmund is heavily wounded.
You shoot an arrow. The arrow hits the kobold brigand!
The kobold brigand is moderately wounded.
The kobold brigand throws a curare-tipped dart.
The curare-tipped dart hits you.
You are poisoned.
You have difficulty breathing.
You feel yourself slow down.
The kobold brigand throws a curare-tipped dart.
The curare-tipped dart hits you.
You are lethally poisoned!
You have difficulty breathing.
You feel as though you will be slow longer.
Okay, then.
You feel very sick.
Blink to where?
Press: ? - help, Dir - move target
Okay, then.
Blink to where?
Press: ? - help, Dir - move target
Okay, then.
Unknown command.
Blink to where?
Press: ? - help, Dir - move target
As you read the scroll of blinking, it crumbles to dust.
You feel extremely sick.
* * * LOW HITPOINT WARNING * * *
You feel very sick.
You climb downwards.
* * * LOW HITPOINT WARNING * * *
You feel sick.
Found 15 gold pieces.
There is a stone staircase leading up here.
There is a lethal amount of poison in your body!
It was a potion of flight.
You feel very buoyant.
You fly up into the air.
You die...
Your body crumbles into a pile of gold.

$ $ $ #..
#.. ..$
#.# #.# #
#.#
...##.#.##
.......@.#
...##.#..#
# #..#
#..# ...#
##.# .# ..


There were no monsters in sight!

Vanquished Creatures
  2 hounds
  2 iguanas
  Natasha (thrice) (D:4)
  2 orc wizards
  3 adders
  3 worms
  2 dart slugs
  7 orcs
  3 ball pythons
  6 bats
  5 endoplasms
  2 giant cockroaches
  5 goblins
  3 hobgoblins
  4 jackals (D:3)
  3 quokkas
  7 frilled lizards
  8 kobolds
  3 rats
73 creatures vanquished.

Notes
Turn   | Place    | Note
-------+----------+-------------------------------------------
     0 | D:1      | reriks the Spriggan Hunter began the quest for the Orb.
     0 | D:1      | Reached XP level 1. HP: 10/10 MP: 2/2
   382 | D:1      | Reached XP level 2. HP: 15/15 MP: 3/3
  1106 | D:2      | Reached XP level 3. HP: 18/18 MP: 4/4
  1269 | D:2      | Found a faded altar of an unknown god.
  1824 | D:2      | Reached XP level 4. HP: 14/23 MP: 5/5
  2639 | D:3      | Found a white marble altar of Elyvilon.
  2639 | D:3      | Found a glowing golden altar of the Shining One.
  2644 | D:3      | Found a glowing silver altar of Zin.
  2829 | D:3      | Reached skill level 5 in Ranged Weapons
  3010 | D:3      | Reached XP level 5. HP: 22/27 MP: 6/6
  4021 | D:4      | Found a sparkling altar of Nemelex Xobeh.
  4040 | D:4      | Found a staircase to the Ecumenical Temple.
  4056 | Temple   | Entered the Ecumenical Temple
  4075 | Temple   | Became a worshipper of Gozag Ym Sagoz the Greedy
  4187 | D:4      | Noticed Natasha
  4190 | D:4      | Killed Natasha
  4236 | D:4      | Noticed Natasha
  4259 | D:4      | Killed Natasha
  4354 | D:4      | Reached XP level 6. HP: 32/32 MP: 7/7
  4582 | D:4      | Noticed Natasha
  4972 | D:4      | Found an ornate altar of the Wu Jian Council.
  5006 | D:4      | Killed Natasha
  5712 | D:4      | Noticed Edmund
  5777 | D:5      | Entered Level 5 of the Dungeon
  5778 | D:5      | Succumbed to a kobold brigand's curare-tipped dart

Illustrated notes

Levels and vault maps discovered:
D:1:      roderic_chinese_lattice_arrival, layout_loops_ring,
          hangedman_decor_points
D:2:      layout_loops_ring, serial_aquarium, aquarium_bridge_long_joined
          [aquarium_subvault_bridge, aquarium_subvault_balcony,
          aquarium_subvault_bridge, aquarium_subvault_wall,
          aquarium_subvault_wall, aquarium_subvault_balcony],
          aquarium_bridge_square [aquarium_subvault_bridge,
          aquarium_subvault_window, aquarium_subvault_wall,
          aquarium_subvault_bridge], aquarium_window_fake,
          aquarium_window_corner, aquarium_window_double, aquarium_view_2a,
          aquarium_view_2f, shapermc_ecumenical_altar_hornbeckon
D:3:      layout_loops_corners, good_gods_mini_temple, minmay_cupped
D:4:      layout_cave_pods, mainiacjoe_overflow_small_starburst,
          mainiacjoe_overflow_24_doors, minmay_temple_entry_enclosed_plants,
          uniq_edmund, uniq_natasha
D:5:      minmay_polygon_palace, layout_loops_ring,
          nicolae_sif_muna_condensation, kennysheep_generic_room_4
Temple:   kb_corrupted_temple

Skill      XL: |  1  2  3  4  5 |
---------------+----------------+-----
Stealth        | 2 3 4 |  4.7
Dodging        | 3 4 |  4.6
Fighting       | 2 |  2.8
Ranged Weapons | 5 |  5.7

Action                   |  1- 3 |  4- 6 || total
-------------------------+-------+-------++-------
 Fire: Shortbow          |    83 |   156 ||   239
  Use: Scroll            |     7 |     3 ||    10
       Potion            |       |     1 ||     1
Armor: Robe              |     2 |     2 ||     4
Dodge: Dodged            |    15 |    40 ||    55

Table legend: (Time is in decaauts)
 A = Elapsed time spent in this place.
 B = Non-inter-level travel time spent in this place.
 C = Inter-level travel time spent in this place.
 D = Time resting spent in this place.
 E = Time spent auto-exploring this place.
 F = Levels seen in this place.
 G = Mean time per level.
                   A        B        C        D        E       F      G
               +--------+--------+--------+--------+--------+-----+--------+
         Total |   4572 |   4468 |    104 |   2128 |   1703 |   6 |  762.0 |
       Dungeon |   4550 |   4455 |     95 |   2128 |   1697 |   5 |  910.0 |
        Temple |     22 |     13 |      9 |      0 |      6 |   1 |   22.0 |
               +--------+--------+--------+--------+--------+-----+--------+

Top non-repeatable levels by time:
     D:3: 1714 daAuts
     D:2: 1196 daAuts
     D:4: 1182 daAuts
     D:1: 454 daAuts
  Temple: 22 daAuts
     D:5: 1 daAuts
